 Dungeon Crawl Stone Soup version 0.22-a0-284-g99d1f7439c (webtiles) character file.

36581 Infinimo the Destroyer (level 13, -12/94 HPs)
             Began as a Demonspawn Fire Elementalist on Mar 21, 2018.
             Was a High Priest of Sif Muna.
             Mangled by an eight-headed hydra (37 damage)
             ... on level 5 of the Lair of Beasts.
             The game lasted 00:56:57 (23593 turns).

Infinimo the Destroyer (DsFE)                      Turns: 23593, Time: 00:56:58

Health: -12/94     AC:  6    Str:  8    XL:     13   Next: 53%
Magic:  27/27      EV: 17    Int: 22    God:    Sif Muna [*****.]
Gold:   990        SH:  0    Dex: 19    Spells: 18/32 levels left

rFire    . . .     SeeInvis +   j - staff of energy
rCold    . . .     Gourm    .   G - +0 buckler {AC+3}
rNeg     . . .     Faith    .   a - +1 robe
rPois    +         Spirit   .   C - +0 hat
rElec    .         Reflect  .   (no cloak)
rCorr    .         Harm     .   (no gloves)
MR       .....                  (boots unavailable)
Stlth    +++.......             l - amulet of Vitality {Regen+ HP+15}
HPRegen  0.65/turn              M - ring of see invisible
MPRegen  0.20/turn              s - ring of poison resistance

@: agile, sleeping
A: antennae 2, claws 2, hooves 3, demonic guardian 1, powered by pain 1
a: Divine Energy, Channel Magic, Forget Spell, Renounce Religion


You were on level 5 of the Lair of Beasts.
You worshipped Sif Muna.
Sif Muna was extremely pleased with you.
You were hungry.

You visited 2 branches of the dungeon, and saw 15 of its levels.
You also visited: Ossuary.

You collected 990 gold pieces.

Inventory:

Armour
 a - a +1 robe (worn)
 C - a +0 hat (worn)
 G - a +0 buckler of protection (worn)
 H - the +3 hat of Pondering {ponderous, MR+ MP+10 Int+5}
   (You took it off Gastronok on level 2 of the Lair of Beasts)

   It affects your intelligence (+5).
   It affects your resistance to hostile enchantments.
   It affects your magic capacity (+10).
Magical Staves
 j - an uncursed staff of energy (weapon)
Jewellery
 b - an uncursed amulet of harm {unknown}
 l - the amulet of Vitality (around neck) {Regen+ HP+15}
   (You found it on level 5 of the Dungeon)

   [amulet of regeneration]

   It affects your health (+15).
   It increases your rate of regeneration.
 s - a ring of poison resistance (right claw)
 u - an uncursed ring of resist corrosion
 J - an uncursed ring of positive energy
 M - a ring of see invisible (left claw)
Wands
 e - a wand of iceblast (14)
 m - a wand of scattershot (4)
 x - a wand of acid (7)
Scrolls
 d - 7 scrolls of remove curse
 k - 4 scrolls of enchant weapon
 o - 4 scrolls of teleportation
 q - a scroll of fear
 r - 4 scrolls of enchant armour
 A - 4 scrolls of magic mapping
 B - 4 scrolls of amnesia
 D - a scroll of identify
 L - a scroll of silence
Potions
 f - a potion of berserk rage
 g - 4 potions of lignification
 h - 3 potions of brilliance
 i - 3 potions of ambrosia
 n - 3 potions of agility
 p - 3 potions of resistance
 v - 7 potions of curing
 w - 2 potions of might
 z - 2 potions of flight
Comestibles
 c - 30 rations


   Skills:
 - Level 1.7 Dodging
 - Level 1.7 Stealth
 - Level 5.1 Shields
 - Level 10.0 Spellcasting
 + Level 13.8 Conjurations
 + Level 13.3 Fire Magic


You had 18 spell levels left.
You knew the following spells:

 Your Spells              Type           Power        Failure   Level  Hunger
a - Flame Tongue          Conj/Fire      #####        1%          1    None
b - Conjure Flame         Conj/Fire      ######..     1%          3    None
c - Sticky Flame          Conj/Fire      ######..     1%          4    None
d - Fireball              Conj/Fire      ######....   1%          5    None
e - Sting                 Conj/Pois      ####         1%          1    None


Dungeon Overview and Level Annotations

Branches:
Dungeon (10/15)            Temple (0/1) D:5            Lair (5/6) D:9
 Shoals (0/4) Lair:4        Snake (0/4) Lair:4          Orc (0/2) D:10
  Slime: Lair:5-6

Altars:
Dithmenos
Gozag
Kikubaaqudgha
Okawaru
Ru
Sif Muna
Trog
Wu Jian
Xom
Yredelemnul
Zin
The Shining One


Innate Abilities, Weirdness & Mutations

You have a pair of antennae on your head.
You have very sharp fingernails.
You have hooves in place of feet.
A weak demonic guardian rushes to your aid.
You sometimes gain a little power by taking damage.


Message History

The dream sheep bites something!
Unknown command.
As you read the scroll of teleportation, it crumbles to dust.
You feel strangely unstable.
Your quasit claws the dream sheep.
The dream sheep bites you!
* * * LOW HITPOINT WARNING * * *
Your quasit bites the dream sheep.
Your quasit claws the dream sheep but does no damage.
Your quasit claws the dream sheep.
Unknown command.
The dream sheep bites your quasit! x2
Your quasit dies!
The dream sheep bites the bush but does no damage.
The dream sheep shake their wool and sparkle.
You feel drowsy...
You fall asleep.
The dream sheep bites the bush but does no damage.
Your surroundings suddenly seem different.
An eight-headed hydra comes into view.
The eight-headed hydra bites you!!!
You die...

. #.
###......#...Y####
# ##⌠.<.⌠.#+#.#
#......#..### #
##....##..# #
#.#+#.# ... #
####.....# .##
##...... .. ## #
#.....###... #
#.@........ #
#..D....... #
#...⌠...⌠.. #
#.....>.... ##
#...⌠...⌠.. #.
.#......... ##
.........#.. #
##.......##.. # #


You could see an eight-headed hydra.

Vanquished Creatures
  Gastronok (Lair:2)
  Harold (Lair:1)
  3 hydras
  A two-headed ogre (D:10)
  The ghost of flinch the Grappler, a novice DrMo of Makhleb (D:9)
  8 death yaks (Lair:5)
  Urug (D:10)
  6 oklob plants (Lair:5)
  A manticore (D:9)
  The ghost of ohados the Ruffian, a novice TrTm of Okawaru (D:5)
  A black mamba (Lair:3)
  5 spiny frogs
  A rime drake (Lair:5)
  10 komodo dragons
  2 trolls
  Prince Ribbit (D:6)
  A hornet (D:10)
  Grinder (D:6)
  8 blink frogs
  6 hippogriffs
  A snapping turtle (Lair:4)
  6 spriggans (D:9)
  A wyvern (Lair:4)
  21 yaks
  3 fire bats (Lair:3)
  2 basilisks
  2 hungry ghosts (D:10)
  A naga (Lair:4)
  3 water moccasins (Lair:3)
  Duvessa (D:3)
  9 porcupines
  A sky beast (D:9)
  2 ice beasts
  3 orc warriors
  A black bear (D:10)
  20 wolves
  4 ogres
  2 phantoms
  6 centaurs
  9 crocodiles
  A big kobold (D:8)
  8 bullfrogs
  2 wyvern zombies
  A gnoll sergeant (D:9)
  6 scorpions
  A troll zombie (D:10)
  A wyvern skeleton (D:9)
  Dowan (D:4)
  6 killer bees
  7 wights
  5 electric eels
  4 centaur zombies
  3 crimson imps
  9 orc wizards
  A hound (D:9)
  2 gnoll shamans (D:5)
  5 orc priests
  4 iguanas
  Ijyb (D:4)
  5 worker ants
  A killer bee zombie (D:9)
  5 big kobold zombies (Ossuary)
  5 ogre zombies (D:10)
  A hound skeleton (D:4)
  4 mummies (Ossuary)
  A worker ant zombie (D:6)
  44 gnolls
  7 adders
  An adder zombie (D:9)
  2 adder skeletons
  4 worms
  6 dart slugs
  11 leopard geckos
  19 orcs
  6 bats
  2 giant cockroaches
  10 goblins
  14 hobgoblins
  20 jackals
  3 quokkas
  A ball python (D:2)
  10 frilled lizards
  3 goblin skeletons (D:10)
  2 hobgoblin skeletons (D:10)
  3 hobgoblin zombies (D:10)
  6 kobolds
  A leopard gecko skeleton (D:5)
  An orc skeleton (D:10)
  9 orc zombies (D:10)
  2 quokka skeletons (D:9)
  A quokka zombie (D:6)
  12 rats
  4 bushes (Lair:5)
  A fungus (Lair:5)
  2 plants (Lair:5)
455 creatures vanquished.

Vanquished Creatures (collateral kills)
  A spiny frog (Lair:5)
  2 spriggans (D:9)
  2 yaks
  A sky beast (D:4)
  An ice beast (D:7)
  An eye of draining (D:4)
  2 ogres
  A wolf (Lair:2)
  A centaur (D:9)
  3 bullfrogs
  A crimson imp (D:6)
  A worker ant (D:4)
  A hound zombie (D:5)
  A gnoll (D:5)
  An orc (D:10)
  A frilled lizard (D:5)
21 creatures vanquished.

Vanquished Creatures (others)
  A bush (Lair:5)
  A fire vortex (D:4)
  3 fungi
  21 plants
26 creatures vanquished.

Grand Total: 502 creatures vanquished

Notes
Turn   | Place    | Note
-------+----------+-------------------------------------------
     0 | D:1      | Infinimo the Demonspawn Fire Elementalist began the quest for the Orb.
     0 | D:1      | Reached XP level 1. HP: 13/13 MP: 3/3
   179 | D:1      | Gained mutation: You have large cloven feet. [demonic ancestry]
   179 | D:1      | Reached XP level 2. HP: 19/19 MP: 3/5
   501 | D:1      | Reached XP level 3. HP: 22/24 MP: 2/6
  1416 | D:2      | Gained mutation: You have sharp fingernails. [demonic ancestry]
  1416 | D:2      | Reached XP level 4. HP: 30/30 MP: 3/7
  1685 | D:2      | Found an ornate altar of the Wu Jian Council.
  2590 | D:3      | Found a deep blue altar of Sif Muna.
  2598 | D:3      | Became a worshipper of Sif Muna the Loreminder
  2626 | D:3      | Gained mutation: You have hoof-like feet. [demonic ancestry]
  2626 | D:3      | Reached XP level 5. HP: 30/35 MP: 1/8
  3372 | D:3      | Found a sacrificial altar of Ru.
  3805 | D:3      | Learned a level 3 spell: Conjure Flame
  3810 | D:3      | Learned a level 4 spell: Sticky Flame
  3857 | D:4      | Noticed Duvessa
  3857 | D:4      | Noticed Dowan
  3859 | D:4      | Killed Dowan
  4223 | D:3      | Killed Duvessa
  4223 | D:3      | Gained mutation: A weak demonic guardian rushes to your aid. [demonic ancestry]
  4223 | D:3      | Reached XP level 6. HP: 10/41 MP: 0/9
  4700 | D:4      | Noticed Ijyb
  4707 | D:4      | Killed Ijyb
  4707 | D:4      | Reached skill level 5 in Fire Magic
  5360 | D:4      | Found a bloodstained altar of Trog.
  5402 | D:4      | Reached skill level 5 in Conjurations
  5774 | D:5      | Entered Level 5 of the Dungeon
  5776 | D:5      | Noticed a sky beast
  5778 | D:5      | Gained mutation: You have hooves in place of feet. [demonic ancestry]
  5778 | D:5      | Reached XP level 7. HP: 46/46 MP: 4/10
  5831 | D:4      | Reached * piety under Sif Muna
  6057 | D:5      | Found a sand-covered staircase.
  6073 | Ossuary  | Entered an ossuary
  6742 | D:5      | Noticed ohados's ghost (novice TrTm)
  7049 | D:5      | Found an iron altar of Okawaru.
  7052 | D:5      | Found the amulet of Vitality {Regen+ HP+15}
  7186 | D:5      | Killed ohados's ghost
  7186 | D:5      | Gained mutation: You have a pair of small antennae on your head. [demonic ancestry]
  7186 | D:5      | Reached XP level 8. HP: 31/52 MP: 6/11
  7384 | D:5      | Reached ** piety under Sif Muna
  7766 | D:5      | Found a staircase to the Ecumenical Temple.
  8797 | D:5      | Learned a level 5 spell: Fireball
  9082 | D:6      | Reached *** piety under Sif Muna
  9378 | D:6      | Reached XP level 9. HP: 53/57 MP: 13/15
  9430 | D:6      | Noticed Grinder
  9452 | D:6      | Noticed Prince Ribbit
  9687 | D:6      | Killed Grinder
  9706 | D:6      | Noticed a troll
  9717 | D:6      | Killed a troll
  9768 | D:6      | Found a shimmering altar of Xom.
 10019 | D:6      | Found a glowing silver altar of Zin.
 10225 | D:6      | Killed Prince Ribbit
 10991 | D:7      | Reached **** piety under Sif Muna
 11866 | D:8      | Found a basalt altar of Yredelemnul.
 11872 | D:8      | Reached XP level 10. HP: 63/63 MP: 9/16
 11914 | D:8      | Found a glowing golden altar of the Shining One.
 11915 | D:8      | Found an ancient bone altar of Kikubaaqudgha.
 11915 | D:8      | Found an opulent altar of Gozag.
 12320 | D:9      | Reached skill level 10 in Conjurations
 12321 | D:9      | Found a shadowy altar of Dithmenos.
 12506 | D:9      | Reached skill level 10 in Fire Magic
 12670 | D:9      | Noticed flinch's ghost (novice DrMo)
 12670 | D:9      | Reached skill level 1 in Shields
 13104 | D:9      | Noticed a manticore
 13116 | D:9      | HP: 1/78 [manticore (6)]
 13118 | D:9      | Killed a manticore
 13536 | D:10     | Entered Level 10 of the Dungeon
 13763 | D:9      | Reached skill level 5 in Shields
 14145 | D:9      | Killed flinch's ghost
 14145 | D:9      | Reached skill level 5 in Spellcasting
 14344 | D:9      | Found a staircase to the Lair.
 14418 | D:9      | Reached ***** piety under Sif Muna
 14418 | D:9      | Gained mutation: You have very sharp fingernails. [demonic ancestry]
 14418 | D:9      | Reached XP level 11. HP: 22/68 MP: 7/20
 14538 | D:10     | Identified Sif Muna's Handbook of Intoxication and Evil Rites (Sif Muna gifted it to you on level 10 of the Dungeon)
 14538 | D:10     | Received a gift from Sif Muna
 14612 | D:10     | Noticed Urug
 14640 | D:10     | Killed Urug
 14646 | D:10     | Noticed a two-headed ogre
 14769 | D:10     | Killed a two-headed ogre
 15821 | D:10     | Found a staircase to the Orcish Mines.
 16172 | Lair:1   | Entered Level 1 of the Lair of Beasts
 16482 | Lair:1   | Reached skill level 10 in Spellcasting
 16610 | Lair:1   | Identified Sif Muna's Papyrus of the Oath (Sif Muna gifted it to you on level 1 of the Lair of Beasts)
 16610 | Lair:1   | Received a gift from Sif Muna
 17055 | Lair:2   | Noticed Gastronok
 17124 | Lair:2   | Killed Gastronok
 17263 | Lair:1   | Gained mutation: You have a pair of antennae on your head. [demonic ancestry]
 17263 | Lair:1   | Reached XP level 12. HP: 45/74 MP: 10/26
 17370 | Lair:2   | Noticed Harold
 17524 | Lair:1   | Killed Harold
 18025 | Lair:2   | Noticed a five-headed hydra
 18035 | Lair:2   | Killed a five-headed hydra
 19321 | Lair:3   | Received a gift from Sif Muna
 19328 | Lair:3   | Learned a level 1 spell: Sting
 20445 | Lair:4   | Noticed a five-headed hydra
 20452 | Lair:3   | HP: 3/89 [five-headed hydra (6)]
 20467 | Lair:3   | Killed a five-headed hydra
 20702 | Lair:4   | Found a staircase to the Snake Pit.
 21182 | Lair:4   | Noticed a six-headed hydra
 21238 | Lair:4   | Killed a six-headed hydra
 21238 | Lair:4   | Gained mutation: You sometimes gain a little power by taking damage. [demonic ancestry]
 21238 | Lair:4   | Reached XP level 13. HP: 79/79 MP: 6/27
 21531 | Lair:4   | Found a staircase to the Shoals.
 22463 | Lair:5   | Identified Sif Muna's Papyrus of Quantum Dark Arts (Sif Muna gifted it to you on level 5 of the Lair of Beasts)
 22463 | Lair:5   | Received a gift from Sif Muna
 22927 | Lair:5   | HP: 3/94 [acid (11)]
 23593 | Lair:5   | Mangled by an eight-headed hydra

Vault maps used:
D:1:      dpeg_arrival_tiny_c
D:2:      wad_lake_hut, nicolae_overflow_crystal_walls,
          kennysheep_generic_room_15
D:3:      led_sif_book, first_ration, nicolae_ru_the_path_less_chosen
D:4:      trog_eyes_of_draining, st_stairs_1, uniq_ijyb, uniq_duvessa
D:5:      lemuel_castle_with_subvaults, old_standard_altar, temple_statues,
          enter_ossuary_1
D:6:      nicolae_whirlpool, kennysheep_mini, basic_altar,
          hangedman_abyss_or_decor_passed, uniq_grinder, uniq_prince_ribbit1
D:8:      grunt_temple_overflow_open, grunt_ministairs_10, blue_anna_alchemist
D:9:      kb_forest_paths, old_standard_altar, david_lair_shrubbed
D:10:     zombieorc1_lemuel, uniq_urug
Lair:1:   serial_bayou_lagoon_b, lemuel_fruit_fields
Lair:2:   uniq_gastronok, uniq_harold
Lair:3:   beast_lair_carwin_9, serial_bayou_shore_b, grunt_megastairs_1
Lair:4:   minmay_shoals_entry_hut, guppyfry_snake_entry_garden,
          grunt_megastairs_3, serial_bayou_shore_a
Lair:5:   dpeg_oklob_1, grunt_megastairs_2
Ossuary:  ossuary_the_hunt_dpeg

Skill      XL: |  1  2  3  4  5  6  7  8  9 10 11 12 13 |
---------------+----------------------------------------+-----
Fire Magic     | 3 4 5 6 7 9 10 12 13 | 13.3
Conjurations   | 2 3 4 5 6 7 9 10 12 13 | 13.8
Spellcasting   | 4 6 10 | 10.0
Shields        | 5 |  5.1
Dodging        | |  1.7
Stealth        | |  1.7

Action                   |  1- 3 |  4- 6 |  7- 9 | 10-12 | 13-15 || total
-------------------------+-------+-------+-------+-------+-------++-------
Melee: Unarmed           |    20 |     7 |       |       |       ||    27
       Kick              |     4 |     1 |    41 |     3 |     1 ||    50
       Staff             |       |     5 |   206 |    21 |     1 ||   233
 Cast: Flame Tongue      |    67 |    93 |   361 |   517 |    37 ||  1075
       Sticky Flame      |       |     6 |     5 |    67 |    14 ||    92
       Fireball          |       |       |     2 |    44 |    44 ||    90
       Conjure Flame     |       |       |     1 |     2 |     1 ||     4
       Sting             |       |       |       |    16 |       ||    16
Invok: Divine Energy     |       |       |       |     4 |     2 ||     6
       Stop Divine Energ |       |       |       |     4 |     2 ||     6
  Use: Potion            |       |     4 |       |     5 |       ||     9
       Scroll            |       |     6 |     7 |    16 |     2 ||    31
 Stab: Distracted        |       |     1 |       |       |       ||     1
  Eat: Chunk             |     3 |     9 |    17 |    21 |     4 ||    54
       Ration            |       |     2 |       |     3 |     1 ||     6
Armor: Robe              |     2 |     6 |    89 |    71 |     7 ||   175
Dodge: Dodged            |    25 |    32 |   205 |   201 |    28 ||   491
Block: Buckler           |       |       |       |    90 |    12 ||   102

Table legend:
 A = Spawn XP
 B = Non-spawn XP
 C = Spawn XP percentage of total XP
 D = Spawn monster count
 E = Non-spawn monster count
 F = Spawn count percentage of total count
 G = Total turns spent on level
                    A         B        C        D         E        F      G
               +---------+---------+-------+---------+---------+-------+---------
         Total |       0 |   52259 |   0.0 |       0 |     469 |   0.0 | 23593
               +---------+---------+-------+---------+---------+-------+---------
           D:1 |       0 |      59 |   0.0 |       0 |      29 |   0.0 |  1055
           D:2 |       0 |      99 |   0.0 |       0 |      36 |   0.0 |  1281
           D:3 |       0 |     248 |   0.0 |       0 |      18 |   0.0 |  2138
           D:4 |       0 |     393 |   0.0 |       0 |      14 |   0.0 |  1792
           D:5 |       0 |    1451 |   0.0 |       0 |      75 |   0.0 |  2338
           D:6 |       0 |    1778 |   0.0 |       0 |      24 |   0.0 |  1289
           D:7 |       0 |     715 |   0.0 |       0 |      14 |   0.0 |   796
           D:8 |       0 |     785 |   0.0 |       0 |      15 |   0.0 |  1242
           D:9 |       0 |    5259 |   0.0 |       0 |      42 |   0.0 |  2120
          D:10 |       0 |    5656 |   0.0 |       0 |      66 |   0.0 |  1497
        Lair:1 |       0 |    4263 |   0.0 |       0 |      19 |   0.0 |  1407
        Lair:2 |       0 |    6538 |   0.0 |       0 |      23 |   0.0 |  1405
        Lair:3 |       0 |    6663 |   0.0 |       0 |      31 |   0.0 |  1605
        Lair:4 |       0 |    5591 |   0.0 |       0 |      23 |   0.0 |  1788
        Lair:5 |       0 |   12468 |   0.0 |       0 |      29 |   0.0 |  1216
       Ossuary |       0 |     293 |   0.0 |       0 |      11 |   0.0 |   624
               +---------+---------+-------+---------+---------+-------+---------
